 Dungeon Sprint DCSS version 0.21-a0-460-g737a915 (webtiles) character file.

8354 Kidiri the Fighter (level 11, -5/104 HPs)
             Began as a Yellow Draconian Transmuter on Nov 20, 2017.
             Was the Champion of Wu Jian.
             Slain by a ghost moth (13 damage)
             ... in the Dungeon (Sprint V: "Ziggurat Sprint").
             The game lasted 00:12:39 (1805 turns).

Kidiri the Fighter (Yellow Draconian Transmuter)    Turns: 1805, Time: 00:12:40

Health: -5/104     AC:  7    Str: 18 (19) XL:     11   Next: 8%
Magic:  0/25       EV: 21    Int: 14 (15) God:    Wu Jian [******]
Gold:   0          SH:  0    Dex: 19      Spells: 1/30 levels left

rFire    . . .     SeeInvis .     - Unarmed
rCold    . . .     Gourm    +   (no shield)
rNeg     . . .     Faith    .   (armour unavailable)
rPois    .         Spirit   .   (helmet restricted)
rElec    .         Reflect  .   (no cloak)
rCorr    +         Harm     .   (no gloves)
MR       .....     NoTele   +   (no boots)
Stlth    ++........             M - amulet of the gourmand
HPRegen  0.27/turn              x - +6 ring of dexterity
MPRegen  0.19/turn              B - +6 ring of strength

@: lethally poisoned (-5 -> -110), exhausted, sluggish, short of breath, slowed,
glowing, heavenly storm, very slow
A: spit acid, acid resistance, unfitting armour, cold-blooded, AC +7
a: Breathe Acid, Serpent's Lash, Heavenly Storm, Renounce Religion


You were in the Dungeon.
You worshipped Wu Jian.
Wu Jian was exalted by your worship.
You were very full.

You visited 1 branch

Inventory:

Missiles
 a - 1055 arrows
 N - 2 throwing nets (quivered)
Jewellery
 x - a +6 ring of dexterity (left hand)
 y - a +6 ring of dexterity
 z - a +6 ring of intelligence
 A - a +6 ring of intelligence
 B - a +6 ring of strength (right hand)
 C - a +6 ring of strength
 I - the amulet of Paummux {Harm *Drain rC- Int+9}
   (You found it in the Dungeon)

   [amulet of harm]

   It increases damage dealt and taken.
   It affects your intelligence (+9).
   It makes you vulnerable to cold.
   It causes draining when unequipped.
 J - the ring of the Crushed Realms {Wiz Str-5 Dex+2 Slay+5}
   (You found it in the Dungeon)

   [ring of wizardry]

   It improves your spell success rate.
   It affects your strength (-5).
   It affects your dexterity (+2).
   It affects your accuracy and damage with ranged weapons and melee attacks
   (+5).
 K - the ring "Xoinoyqe" {MP+9 Int+9 Dex-2 Slay+5 Stlth+}
   (You found it in the Dungeon)

   [ring of stealth]

   It affects your intelligence (+9).
   It affects your dexterity (-2).
   It affects your accuracy and damage with ranged weapons and melee attacks
   (+5).
   It affects your magic capacity (+9).
   It makes you more stealthy.
 M - an amulet of the gourmand (around neck)
 O - a +3 ring of intelligence
Wands
 D - a wand of disintegration (7)
 E - a wand of iceblast (5)
 F - a wand of lightning (5)
 G - a wand of acid (5)
Scrolls
 i - 4 scrolls of blinking
 m - 2 scrolls of brand weapon
 p - 4 scrolls of amnesia
 q - 7 scrolls of fog
 r - a scroll of holy word
 s - 5 scrolls of identify
 t - 5 scrolls of remove curse
 u - 2 scrolls of fear
 L - 4 scrolls of enchant armour
Potions
 d - 7 potions of curing
 e - 3 potions of heal wounds
 f - 6 potions of haste
 g - 6 potions of magic
 h - a potion of berserk rage
 j - 2 potions of brilliance
 k - 2 potions of invisibility
 l - 4 potions of resistance
 n - 5 potions of agility
 o - 5 potions of might
Books
 b - a book of Changes

   Spells                             Type                      Level
   a - Beastly Appendage              Transmutation                1
   b - Sticks to Snakes               Transmutation                2
   c - Spider Form                    Transmutation/Poison         3
   d - Ice Form                       Ice/Transmutation            4
   e - Blade Hands                    Transmutation                5
 H - Ulitt's Papyrus of the Birds and Companions
   (You found it in the Dungeon)

   Spells                             Type                      Level
   a - Summon Small Mammal            Summoning                    1
   b - Swiftness                      Charms/Air                   2
   c - Static Discharge               Conjuration/Air              3
   d - Mephitic Cloud                 Conjuration/Poison/Air       3
 P - a book of Alchemy

   Spells                             Type                      Level
   a - Sublimation of Blood           Necromancy                   2
   b - Ignite Poison                  Fire/Transmutation/Poison    3
   c - Petrify                        Transmutation/Earth          4
   d - Alistair's Intoxication        Transmutation/Poison         5
   e - Irradiate                      Conjuration/Transmutation    5
Comestibles
 c - 5 bread rations
 v - 31 fruits
 w - 4 meat rations


   Skills:
 * Level 11.8 Fighting
 * Level 10.2 Dodging
 + Level 8.0 Stealth
 * Level 11.3 Unarmed Combat
 * Level 10.2 Spellcasting
 + Level 4.5 Conjurations
 + Level 4.1 Charms
 + Level 8.0 Transmutations
 + Level 6.8 Ice Magic
 + Level 4.5 Air Magic
 + Level 1.3 Earth Magic
 + Level 6.8 Poison Magic


You had one spell level left.
You knew the following spells:

 Your Spells              Type           Power        Failure   Level  Hunger
a - Beastly Appendage     Tmut           ####..       1%          1    None
b - Sticks to Snakes      Tmut           ####....     1%          2    None
c - Spider Form           Tmut/Pois      ####......   1%          3    #......
d - Ice Form              Ice/Tmut       ####....     4%          4    ###....
e - Petrify               Tmut/Erth      ###.....     14%         4    ###....
f - Blade Hands           Tmut           ####......   10%         5    #####..
g - Alistair's Intoxicat  Tmut/Pois      ####....     13%         5    #####..
h - Swiftness             Chrm/Air       ###.....     2%          2    None
i - Mephitic Cloud        Conj/Pois/Air  ###.....     3%          3    #......


Dungeon Overview and Level Annotations

Branches:
Dungeon (1/1)

Altars:
Ashenzari
Cheibriados
Dithmenos
Elyvilon
Fedhas
Gozag
Hepliaklqana
Kikubaaqudgha
Makhleb
Nemelex Xobeh
Okawaru
Qazlal
Ru
Sif Muna
Trog
Uskayaw
Vehumet
Wu Jian
Xom
Yredelemnul
Zin
The Shining One
Beogh
Jiyva
Lugonu

Annotations:
D 1 transporter


Innate Abilities, Weirdness & Mutations

You can spit globs of acid.
You are resistant to acid.
Your golden yellow scales are hard. (AC +7)
You cannot fit into any form of body armour.
You are cold-blooded and may be slowed by cold attacks.


Message History

You feel sluggish.
* * * LOW HITPOINT WARNING * * *
You feel very sick. The hornet misses you. The ghost moth stares at you.
You feel your power leaking away. The ghost moth completely misses you.
The ghost moth closely misses you. The ghost moth stings you!
* * * LOW HITPOINT WARNING * * *
You are more poisoned.
The ghost moth poisons you!
The demonic crawler completely misses you.
The demonic crawler hits you.
* * * LOW HITPOINT WARNING * * *
The demonic crawler hits you!
* * * LOW HITPOINT WARNING * * *
The hornet completely misses you. The ghost moth stares at you.
The ghost moth barely misses you. The ghost moth hits you!
You die...

▓....©....▓...©...▓
▓▓▓▓▓▓▓▓▓▓▓▓▓▓▓▓▓▓▓▓▓
▓...8©8...▓...8©8...▓
▓..)[=})..▓..:.)}...▓
▓..=|[))..▓..)||}}..▓
▓.§§§§§...▓..)))....▓
▓.§§§y§§..▓.........▓
▓.§§yys§..▓.........▓
▓.§§§@s§..▓.........▓
▓.§§§§§§..▓.▓.....▓.▓
▓.▓§§§§§▓.▓....©....▓
▓....©....▓▓▓▓▓▓▓▓▓▓▓
▓▓▓▓▓▓▓▓▓▓▓


You could see a ghost moth (invisible), a demonic crawler, 2 hornets and a
jumping spider.

Vanquished Creatures
  2 wolf spiders (D)
  5 toenail golems (D)
  2 naga magi (D)
  A black mamba (D)
  A demonic crawler (D)
  A jumping spider (D)
  4 merfolk (D)
  A hornet (D)
  5 hippogriffs (D)
  3 redbacks (D)
  2 air elementals (D)
  2 nagas (D)
  3 water moccasins (D)
  2 orc warriors (D)
  5 centaurs (D)
  2 scorpions (D)
  2 orc priests (D)
  4 mummies (D)
  2 orcs (D)
  4 ball pythons (D)
53 creatures vanquished.

Vanquished Creatures (collateral kills)
  A jumping spider (D)
  A redback (D)
  2 bullfrogs (D)
4 creatures vanquished.

Vanquished Creatures (others)
  2 spatial maelstroms (D)
  2 insubstantial wisps (D)
4 creatures vanquished.

Grand Total: 61 creatures vanquished

Notes
Turn   | Place    | Note
-------+----------+-------------------------------------------
     0 | D        | Found the +6 Majin-Bo {vamp, Archmagi MP+6 Int+6}
     0 | D        | Found the +7 great mace "Firestarter" {inner flame, rF++}
     0 | D        | Kidiri the Draconian Transmuter began the quest for the Orb.
     0 | D        | Reached XP level 1. HP: 16/16 MP: 3/3
     0 | D        | Found a deep blue altar of Sif Muna.
     0 | D        | Found a sacrificial altar of Ru.
     0 | D        | Found a bloodstained altar of Trog.
     0 | D        | Found a stormy altar of Qazlal.
     0 | D        | Found an iron altar of Okawaru.
     0 | D        | Found a sparkling altar of Nemelex Xobeh.
     0 | D        | Found a blossoming altar of Fedhas.
     2 | D        | Found a transporter.
     2 | D        | Found an ancient bone altar of Kikubaaqudgha.
     2 | D        | Found a viscous altar of Jiyva.
     2 | D        | Found a corrupted altar of Lugonu.
     2 | D        | Found a hazy altar of Hepliaklqana.
     2 | D        | Found a burning altar of Makhleb.
     2 | D        | Found an opulent altar of Gozag.
     3 | D        | Banished a spatial maelstrom
    13 | D        | Banished a spatial maelstrom
    19 | D        | Found the +9 heavy crossbow "Sniper" {velocity, Acc+∞ SInv}
    19 | D        | Found the +10 dark maul {crush}
    19 | D        | Found the +15 Maxwell's patent armour {-Cast -Tele rElec MR+ rCorr}
    19 | D        | Found the +18 shield of the Gong {rElec rN+ MR+ EV-5}
    19 | D        | Found the cursed +14 obsidian axe {chop, +Fly SInv *Curse}
    20 | D        | Found the +6 shillelagh "Devastator" {shatter}
    20 | D        | Found the +11 plutonium sword {*Contam Stlth-}
    20 | D        | Found the +8 lance "Wyrmbane" {slay drac, rPois rF+ rC+ AC+3}
    20 | D        | Found the +9 sword of Zonguldrok {reap}
    20 | D        | Found the cursed +13 scythe of Curses {drain, *Curse}
    20 | D        | Found the +0 sword of Power
    20 | D        | Found the +16 mace of Variability {chaos}
    20 | D        | Found the +7 Singing Sword
    20 | D        | Found the +7 longbow "Piercer" {penet, EV-2}
    50 | D        | Became a worshipper of the Wu Jian Council
    52 | D        | Reached XP level 2. HP: 26/26 MP: 3/6
    85 | D        | Learned a level 2 spell: Sticks to Snakes
    89 | D        | Entered arena 2.
    89 | D        | Noticed a bullfrog
    89 | D        | Noticed a bullfrog
    89 | D        | Found a transporter.
    93 | D        | Killed a bullfrog
    93 | D        | Reached skill level 5 in Unarmed Combat
    93 | D        | Reached XP level 3. HP: 15/34 MP: 1/8
    93 | D        | Reached XP level 4. HP: 19/41 MP: 1/10
    95 | D        | Killed a bullfrog
    95 | D        | Reached skill level 5 in Fighting
   280 | D        | Learned a level 3 spell: Spider Form
   285 | D        | Learned a level 4 spell: Ice Form
   293 | D        | Entered arena 3.
   293 | D        | Found a transporter.
   295 | D        | Reached * piety under Wu Jian
   309 | D        | Identified Ulitt's Papyrus of the Birds and Companions (You found it in the Dungeon)
   364 | D        | Identified Ulitt's Papyrus of the Birds and Companions (You found it in the Dungeon)
   367 | D        | Entered arena 4.
   367 | D        | Found a transporter.
   370 | D        | Reached ** piety under Wu Jian
   375 | D        | Reached XP level 5. HP: 48/48 MP: 7/12
   377 | D        | Reached skill level 5 in Spellcasting
   380 | D        | Reached skill level 5 in Dodging
   380 | D        | Reached skill level 1 in Ice Magic
   380 | D        | Reached skill level 1 in Poison Magic
   384 | D        | Got the amulet of Paummux {Harm *Drain rC- Int+9}
   460 | D        | Entered arena 5.
   460 | D        | Noticed an insubstantial wisp
   460 | D        | Noticed an insubstantial wisp
   460 | D        | Noticed an air elemental
   460 | D        | Noticed an air elemental
   460 | D        | Found a transporter.
   463 | D        | Killed an insubstantial wisp
   463 | D        | Killed an insubstantial wisp
   478 | D        | Killed an air elemental
   478 | D        | Reached *** piety under Wu Jian
   478 | D        | Reached XP level 6. HP: 32/58 MP: 3/14
   479 | D        | Killed an air elemental
   517 | D        | Learned a level 5 spell: Blade Hands
   697 | D        | Entered arena 6.
   697 | D        | Noticed a toenail golem
   697 | D        | Noticed a toenail golem
   697 | D        | Noticed a toenail golem
   697 | D        | Noticed a toenail golem
   697 | D        | Noticed a toenail golem
   697 | D        | Found a transporter.
   702 | D        | Killed a toenail golem
   702 | D        | Reached skill level 5 in Stealth
   702 | D        | Reached skill level 5 in Transmutations
   702 | D        | Your scales start taking on a golden yellow colour.
   702 | D        | Reached XP level 7. HP: 67/67 MP: 7/17
   703 | D        | Killed a toenail golem
   703 | D        | Reached XP level 8. HP: 75/75 MP: 7/18
   703 | D        | Killed a toenail golem
   703 | D        | Reached **** piety under Wu Jian
   705 | D        | Killed a toenail golem
   708 | D        | Killed a toenail golem
   708 | D        | Reached skill level 5 in Ice Magic
   708 | D        | Reached XP level 9. HP: 84/84 MP: 7/21
   776 | D        | Learned a level 3 spell: Mephitic Cloud
   779 | D        | Learned a level 2 spell: Swiftness
   786 | D        | Entered arena 7.
   787 | D        | Found a transporter.
   791 | D        | Reached skill level 5 in Poison Magic
   793 | D        | Reached ***** piety under Wu Jian
   793 | D        | Reached skill level 1 in Air Magic
   811 | D        | Got the ring "Xoinoyqe" {MP+9 Int+9 Dex-2 Slay+5 Stlth+}
   882 | D        | Entered arena 8.
   883 | D        | Found a transporter.
   887 | D        | Reached skill level 1 in Conjurations
   888 | D        | Reached skill level 1 in Charms
   892 | D        | Reached skill level 10 in Fighting
   947 | D        | Entered arena 9.
   947 | D        | Noticed a jumping spider
   947 | D        | Noticed a jumping spider
   947 | D        | Noticed a wolf spider
   948 | D        | Found a transporter.
   951 | D        | Reached skill level 10 in Unarmed Combat
   954 | D        | Killed a jumping spider
   954 | D        | Reached ****** piety under Wu Jian
   954 | D        | Killed a jumping spider
   954 | D        | Reached XP level 10. HP: 40/94 MP: 12/23
   957 | D        | Killed a wolf spider
  1236 | D        | Entered arena 10.
  1237 | D        | Found a transporter.
  1534 | D        | Entered arena 11.
  1534 | D        | Noticed a naga mage
  1534 | D        | Noticed a naga mage
  1534 | D        | Noticed a black mamba
  1535 | D        | Found a transporter.
  1539 | D        | Killed a black mamba
  1540 | D        | Killed a naga mage
  1541 | D        | Killed a naga mage
  1541 | D        | Reached skill level 10 in Dodging
  1541 | D        | Reached skill level 10 in Spellcasting
  1543 | D        | Got the ring of the Crushed Realms {Wiz Str-5 Dex+2 Slay+5}
  1578 | D        | Learned a level 5 spell: Alistair's Intoxication
  1583 | D        | Learned a level 4 spell: Petrify
  1794 | D        | Entered arena 12.
  1794 | D        | Noticed a wolf spider
  1796 | D        | Found a transporter.
  1800 | D        | Killed a wolf spider
  1800 | D        | Reached skill level 1 in Earth Magic
  1800 | D        | Reached XP level 11. HP: 41/104 MP: 1/25
  1802 | D        | Noticed a ghost moth
  1805 | D        | Slain by a ghost moth

Vault maps used:
D:        sprint_v

Skill      XL: |  1  2  3  4  5  6  7  8  9 10 11 |
---------------+----------------------------------+-----
Fighting       | 3 4 5 6 7 8 9 10 11 | 11.8
Dodging        | 3 4 5 6 7 8 9 10 | 10.2
Stealth        | 2 3 4 5 6 7 8 |  8.0
Unarmed Combat | 4 5 6 7 8 9 10 11 | 11.3
Spellcasting   | 3 4 5 6 7 8 9 10 | 10.2
Transmutations | 3 4 5 6 7 8 |  8.0
Ice Magic      | 2 3 5 6 |  6.8
Poison Magic   | 2 3 4 5 6 |  6.8
Air Magic      | 2 4 |  4.5
Conjurations   | 2 4 |  4.5
Charms         | 2 4 |  4.1
Earth Magic    | 1 |  1.3

Action                   |  1- 3 |  4- 6 |  7- 9 | 10-12 || total
-------------------------+-------+-------+-------+-------++-------
Melee: Unarmed           |     3 |    38 |    47 |    34 ||   122
       Kick              |     2 |     2 |       |       ||     4
       Tailslap          |     1 |     5 |     7 |     5 ||    18
       Punch             |       |       |     1 |     2 ||     3
 Cast: Sticks to Snakes  |     2 |     6 |     6 |     6 ||    20
       Beastly Appendage |     1 |       |       |       ||     1
       Spider Form       |       |     2 |       |       ||     2
       Ice Form          |       |     1 |       |       ||     1
       Blade Hands       |       |     1 |     3 |     3 ||     7
       Swiftness         |       |       |     2 |     3 ||     5
Invok: Serpent's Lash    |       |     1 |       |     3 ||     4
       Heavenly Storm    |       |       |     1 |     3 ||     4
 Abil: Breathe Acid      |       |       |       |     1 ||     1
  Use: Potion            |     1 |     7 |       |     6 ||    14
 Stab: Sleeping          |       |     2 |       |       ||     2
  Eat: Fruit             |       |       |    11 |       ||    11
       Chunk             |       |       |       |     9 ||     9
Armor: Skin              |       |     8 |     2 |     7 ||    17
Dodge: Dodged            |     4 |    47 |    35 |    50 ||   136

Table legend:
 A = Spawn XP
 B = Non-spawn XP
 C = Spawn XP percentage of total XP
 D = Spawn monster count
 E = Non-spawn monster count
 F = Spawn count percentage of total count
 G = Total turns spent on level
                    A         B        C        D         E        F      G
               +---------+---------+-------+---------+---------+-------+---------
         Total |       0 |   11923 |   0.0 |       0 |      57 |   0.0 |  1805
               +---------+---------+-------+---------+---------+-------+---------
             D |       0 |   11923 |   0.0 |       0 |      57 |   0.0 |  1805
               +---------+---------+-------+---------+---------+-------+---------
